 Dungeon Crawl Stone Soup version 0.28-a0-983-g1de4e0787c (webtiles) character file.

Game seed: 1528775862989390364

10418 vurker the Zephyrmancer (level 11, -4/92 HPs)
             Began as a Demigod Air Elementalist on Dec 2, 2021.
             Killed from afar by an efreet (35 damage)
             ... with a bolt of fire
             ... on level 11 of the Dungeon.
             The game lasted 00:16:12 (16224 turns).

vurker the Zephyrmancer (Demigod Air Elementalist) Turns: 16224, Time: 00:16:12

Health: -4/92      AC:  7    Str: 15    XL:     11   Next: 14%
Magic:  14/29      EV: 16    Int: 31    God:
Gold:   1624       SH:  5    Dex: 14    Spells: 24/29 levels left

rFire   . . .      SeeInvis .   o - +0 short sword
rCold   . . .      Faith    .   p - +0 buckler
rNeg    + . .      Spirit   .   a - +0 robe
rPois   .          Reflect  .   l - +0 helmet
rElec   .          Harm     .   h - +1 cloak
rCorr   .          Rampage  .   u - +0 pair of gloves
Will    +....                   m - +0 pair of boots
Stlth   +++.......              (no amulet)
HPRegen 0.25/turn               r - ring "Bengegg" {rN+ Str+6 Int+2 Stlth+}
MPRegen 0.21/turn               c - +4 ring of evasion

@: no status effects
A: high mp 1, forlorn, divine attributes
a: no special abilities


You were on level 11 of the Dungeon.
You visited 1 branch of the dungeon, and saw 11 of its levels.

You collected 1624 gold pieces.

Inventory:

Hand Weapons
 o - a +0 short sword (weapon)
   (You took it off a kobold on level 1 of the Dungeon)
Armour
 a - a +0 robe (worn)
 h - a +1 cloak (worn)
   (You found it on level 2 of the Dungeon)
 l - a +0 helmet (worn)
   (You took it off Robin on level 3 of the Dungeon)
 m - a +0 pair of boots (worn)
   (You found it on level 5 of the Dungeon)
 p - a +0 buckler (worn)
   (You found it on level 10 of the Dungeon)
 u - a +0 pair of gloves (worn)
   (You found it on level 10 of the Dungeon)
Magical Staves
 x - a staff of poison
   (You found it on level 10 of the Dungeon)
Jewellery
 c - a +4 ring of evasion (right hand)
   (You found it on level 5 of the Dungeon)
 f - a ring of protection from cold
   (You found it on level 1 of the Dungeon)
 q - a ring of see invisible
   (You found it on level 4 of the Dungeon)
 r - the ring "Bengegg" (left hand) {rN+ Str+6 Int+2 Stlth+}
   (You acquired it on level 8 of the Dungeon)

   [ring of strength]

   Str:       It affects your strength (+6).
   Int:       It affects your intelligence (+2).
   rN:        It protects you from negative energy.
   Stlth:     It makes you more stealthy.
 A - an amulet of the acrobat
   (You found it on level 10 of the Dungeon)
Wands
 d - a wand of iceblast (12)
   (You took it off Ijyb on level 4 of the Dungeon)
 i - a wand of polymorph (5)
   (You found it on level 4 of the Dungeon)
 t - a wand of flame (10)
   (You took it off a centaur on level 8 of the Dungeon)
 v - a wand of digging (4)
   (You took it off Natasha on level 4 of the Dungeon)
Scrolls
 g - a scroll of fear
 j - a scroll of magic mapping
 w - a scroll of blinking
 y - 2 scrolls of fog
Potions
 b - 2 potions of cancellation
 e - 2 potions of heal wounds
 k - 2 potions of brilliance
 n - a potion of curing
 s - a potion of flight
 z - 2 potions of ambrosia {unknown}


   Skills:
 + Level 7.4 Fighting
 - Level 1.7 Dodging
 - Level 1.7 Stealth
 + Level 3.0 Shields
 * Level 9.8 Spellcasting
 - Level 3.0 Conjurations
 - Level 10.0 Air Magic


You had 24 spell levels left.
You knew the following spells:

 Your Spells              Type           Power      Damage    Failure   Level
a - Shock                 Conj/Air       100%       1d9       1%          1
c - Airstrike             Air            33%        N/A       1%          4

Your spell library contained the following spells:

 Spells                   Type           Power      Damage    Failure   Level
 Static Discharge         Conj/Air       53%        N/A       1%          2
 Swiftness                Air            67%        N/A       1%          3
 Animate Skeleton         Necr           30%        N/A       3%          1
 Pain                     Necr           60%        1d7       3%          1
 Summon Small Mammal      Summ           60%        N/A       3%          1
 Call Canine Familiar     Summ           15%        N/A       11%         3
 Summon Guardian Golem    Hex/Summ       15%        N/A       11%         3
 Vampiric Draining        Necr           15%        2d7       11%         3
 Cause Fear               Hex            7%         N/A       36%         4
 Dragon Form              Tmut           7%         N/A       100%        7
 Dragon's Call            Summ           7%         N/A       100%        9


Dungeon Overview and Level Annotations

Branches:
Dungeon (11/15)            Temple (0/1) D:5            Lair (0/6) D:10
    Orc: D:9-12

Shops:
D:1 (   D:7 *

Annotations:
D:9 1 runed translucent door, kMk's ghost, novice GnIE


Innate Abilities, Weirdness & Mutations

You have an increased reservoir of magic. (+10% MP)
You shall have no god before yourself.
Your divine heritage dramatically boosts your attributes as you level up.


Message History

The zap hits the centaur warrior zombie!
The centaur warrior zombie barely misses you.
The centaur warrior zombie closely misses you. x3
You puncture the centaur warrior zombie!
You destroy the centaur warrior zombie!
You don't have enough magic to cast this spell.
You don't have enough magic to cast this spell.
A cyan ugly thing is nearby!
A deep elf pyromancer comes into view. It is wielding a +0 short sword.
The deep elf pyromancer moves out of view.
The deep elf pyromancer shouts!
There is a stone staircase leading up, spattered with blood here.
You climb upwards.
There is a stone staircase leading down here.
You start resting.
There is a stone staircase leading down here.
You climb downwards.
Found a stone staircase leading down.
There is a stone staircase leading up here.
Aim: an orc warrior, wielding a +0 hand axe and wearing a +1 plate armour of cold resistance (wandering, hasn't noticed you, empty space bonus: 7/8)
The air twists around and strikes the orc warrior!
The orc warrior shouts!
The orc shouts! x2
The efreet gestures at you.
The fireball explodes!
The fireball engulfs you!!
The orc shouts!
The howler monkey howls!
You hear a shout! x2
Aim: an orc warrior, wielding a +0 hand axe and wearing a +1 plate armour of cold resistance (moderately wounded, empty space bonus: 6/8)
The air twists around and strikes the orc warrior!
The efreet gestures at you. The bolt of fire hits you!!
The howler monkey hoots and howls with incredible vigour!
You hear a roar!
You hear a shout!
Aim: an orc warrior, wielding a +0 hand axe and wearing a +1 plate armour of cold resistance (severely wounded, empty space bonus: 5/8)
The air twists around and strikes the orc warrior!
You kill the orc warrior!
The efreet gestures at you. The bolt of fire misses you.
A centaur warrior zombie comes into view.
Your Shields skill increases to level 3!
Aim: an orc, wielding a +0 hand axe (empty space bonus: 8/8)
The air twists around and strikes the orc!!
You kill the orc!
The efreet gestures at you. The bolt of fire hits you!!
* * * LOW HITPOINT WARNING * * *
The orc barely misses you. You block the orc's attack.
The howler monkey hoots and howls with incredible vigour!
You hear a shout!
The efreet gestures at you. The bolt of fire hits you!!
You die...

########
#...@oo#
#.....).....
#...........
#......)....
#...........
#...hR..Z...
........>...
##...........


You could see an efreet, a howler monkey (catching breath), 2 orcs and a centaur
warrior zombie.

Vanquished Creatures
  Erolcha (D:11)
  Erica (D:9)
  A two-headed ogre (D:9)
  Pikel (D:5)
  An ice statue (D:9)
  A troll (D:11)
  A hornet (D:8)
  A meliai zombie (D:10)
  A wraith (D:10)
  2 wyverns
  9 yaks
  A basilisk (D:10)
  A steam dragon (D:8)
  A vampire mosquito (D:11)
  3 water moccasins
  An acid dragon (D:10)
  2 orc warriors
  2 ice beasts
  2 sky beasts
  A hornet zombie (D:9)
  2 black bears
  4 centaurs
  An ogre (D:6)
  A lemure (D:5)
  2 phantoms
  2 kobold brigands
  2 bullfrogs
  A scorpion (D:7)
  2 gnoll sergeants
  A water moccasin skeleton (D:5)
  A killer bee (D:8)
  8 wights
  A howler monkey (D:8)
  A crimson imp (D:3)
  6 centaur zombies
  A bullfrog zombie (D:6)
  Crazy Yiuf (D:7)
  3 jellies
  A bullfrog skeleton (D:4)
  2 orc priests
  4 hounds
  3 gnoll shamans
  3 orc wizards
  Natasha (thrice) (D:4)
  Ijyb (D:4)
  A killer bee zombie (D:9)
  A hound skeleton (D:4)
  A howler monkey zombie (D:8)
  Robin (D:3)
  9 adders
  16 gnolls
  2 shadow imps (D:5)
  A white imp (D:6)
  An ufetubus (D:6)
  An adder skeleton (D:4)
  2 worms
  2 dart slugs (D:3)
  16 orcs
  5 ball pythons
  9 endoplasms
  4 giant cockroaches
  18 goblins
  5 hobgoblins
  3 jackals (D:3)
  18 kobolds
  6 quokkas
  4 bats
  2 frilled lizards
  6 rats
225 creatures vanquished.

Vanquished Creatures (others)
  A golden eye (shapeshifter) (D:11)
  An orc (D:9)
2 creatures vanquished.

Grand Total: 227 creatures vanquished

Notes
Turn   | Place    | Note
-------+----------+-------------------------------------------
     0 | D:1      | vurker the Demigod Air Elementalist began the quest for the
                  | Orb.
     0 | D:1      | Reached XP level 1. HP: 14/14 MP: 5/5
   211 | D:1      | Found Roteydd's Antique Weapon Boutique.
   219 | D:1      | Reached skill level 1 in Conjurations
   319 | D:1      | Reached XP level 2. HP: 12/22 MP: 0/7
   682 | D:1      | Reached skill level 3 in Air Magic
   843 | D:1      | You fall into a shaft and drop 1 floor!
  1100 | D:2      | Reached XP level 3. HP: 27/27 MP: 6/9
  1168 | D:2      | Reached skill level 1 in Fighting
  1901 | D:2      | Noticed an eye of devastation
  1905 | D:2      | Noticed a golden eye
  2150 | D:2      | Noticed a shining eye
  2196 | D:2      | Noticed a golden eye
  3001 | D:3      | Reached XP level 4. HP: 32/35 MP: 5/10
  3730 | D:3      | Noticed Robin
  3798 | D:3      | Killed Robin
  3799 | D:3      | Reached XP level 5. HP: 22/41 MP: 1/12
  4540 | D:3      | Reached skill level 4 in Air Magic
  5181 | D:4      | Noticed a water moccasin
  5199 | D:4      | Killed a water moccasin
  5200 | D:4      | Reached XP level 6. HP: 5/48 MP: 2/14
  5460 | D:4      | Noticed Natasha
  5463 | D:4      | Killed Natasha
  5584 | D:4      | Noticed Natasha
  5587 | D:4      | Killed Natasha
  5607 | D:4      | Noticed Natasha
  5613 | D:4      | Killed Natasha
  5926 | D:4      | Noticed Ijyb
  5939 | D:4      | Killed Ijyb
  6164 | D:4      | Reached XP level 7. HP: 51/56 MP: 9/16
  6546 | D:5      | Entered Level 5 of the Dungeon
  6649 | D:5      | Noticed Pikel
  6669 | D:5      | Killed Pikel
  6670 | D:5      | Reached skill level 5 in Air Magic
  6883 | D:5      | Found a staircase to the Ecumenical Temple.
  6938 | D:5      | Reached skill level 5 in Spellcasting
  6983 | D:5      | Reached skill level 6 in Air Magic
  6983 | D:5      | Reached XP level 8. HP: 59/66 MP: 2/19
  7092 | D:5      | Learned a level 4 spell: Airstrike
  8526 | D:6      | Reached skill level 7 in Air Magic
  9158 | D:7      | Identified a scroll of acquirement
  9158 | D:7      | Acquired 754 gold pieces
  9236 | D:7      | Reached XP level 9. HP: 73/73 MP: 9/22
  9514 | D:7      | Found Esop's Lightly-Used Armoury.
  9657 | D:7      | Found a runed translucent door.
  9658 | D:7      | Noticed Crazy Yiuf
  9829 | D:7      | Killed Crazy Yiuf
 10006 | D:8      | Reached skill level 5 in Fighting
 10286 | D:8      | Reached skill level 8 in Air Magic
 10859 | D:8      | Acquired 343 gold pieces
 10860 | D:8      | Acquired the ring "Bengegg" {rN+ Str+6 Int+2 Stlth+}
 12008 | D:9      | Found a runed translucent door.
 12009 | D:9      | Noticed kMk's ghost (novice GnIE)
 12030 | D:9      | Reached XP level 10. HP: 83/83 MP: 16/26
 12099 | D:9      | Noticed an ice statue
 12238 | D:9      | Reached skill level 9 in Air Magic
 12522 | D:9      | HP: 1/83 [something] (28)]
 12899 | D:9      | Killed an ice statue
 13159 | D:9      | Noticed Erica
 13160 | D:9      | Noticed a two-headed ogre
 13176 | D:9      | Killed Erica
 13224 | D:9      | Killed a two-headed ogre
 13387 | D:9      | Noticed a profane servitor
 13969 | D:9      | Noticed an angel
 14044 | D:10     | Entered Level 10 of the Dungeon
 14602 | D:10     | Reached skill level 1 in Shields
 14825 | D:10     | Reached skill level 10 in Air Magic
 14967 | D:10     | Found a staircase to the Lair.
 15982 | D:11     | Noticed Erolcha
 15988 | D:11     | Killed Erolcha
 15988 | D:11     | Noticed a cyan ugly thing
 15989 | D:11     | Reached XP level 11. HP: 83/92 MP: 4/29
 16125 | D:11     | Noticed a deep elf pyromancer
 16219 | D:11     | Identified the +1 fire dragon scales of the Comet {+Inv
                  | rElec rPois rF++ rC- Stlth+}
 16224 | D:11     | Killed from afar by an efreet

Illustrated notes

Levels and vault maps discovered:
D:1:      zaba_arrival_water, layout_basic, serial_shops, nicolae_diamond_shop
D:2:      layout_basic, hellmonk_ecumenical_altar_watching_god,
          minmay_misc_feat_hallway
D:3:      kennysheep_goblin_castle, layout_basic,
          grunt_temple_overflow_lords_of_destruction, xom_redecorated,
          minmay_hedge_maze
D:4:      layout_gridville, minmay_unequal, uniq_natasha, uniq_ijyb
D:5:      layout_basic, kennysheep_okawaru_gauntlet,
          minmay_temple_entry_large_hall, eino_tiny_chamber,
          minmay_misc_feat_pillars, uniq_pikel
D:6:      layout_basic, tgw_kikubaaqudgha, minmay_strange_pillars
D:7:      layout_rooms, minmay_shop_damaged, uniq_crazy_yiuf_cottage
D:8:      kennysheep_ambush_hall, layout_cave_pools
D:9:      layout_basic, grunt_temple_overflow_holy_war,
          mainiacjoe_overflow_alcove_3, gammafunk_ghost_grave, minivault_15,
          uniq_erica
D:10:     layout_cave_pods, david_lair_generic
D:11:     minmay_the_grid_square_5x5_3x3 [minmay_the_grid_square_5x5_v,
          minmay_the_grid_square_5x5_six_small,
          minmay_the_grid_square_5x5_spiral, minmay_the_grid_square_5x5_longway,
          minmay_the_grid_square_5x5_megaprize_open,
          minmay_the_grid_square_5x5_lines, minmay_the_grid_square_5x5_two,
          minmay_the_grid_square_5x5_gyroscope,
          minmay_the_grid_square_5x5_detours], layout_rooms, uniq_sonja,
          uniq_erolcha, uniq_nergalle

Skill      XL: |  1  2  3  4  5  6  7  8  9 10 11 |
---------------+----------------------------------+-----
Conjurations   | 1 2 3 |  3.0
Spellcasting   | 2 3 4 5 6 8 9 |  9.8
Air Magic      | 3 4 6 7 8 10 | 10.0
Fighting       | 1 2 3 4 5 7 |  7.4
Shields        | 2 3 |  3.0
Dodging        | |  1.7
Stealth        | |  1.7

Action                   |  1- 3 |  4- 6 |  7- 9 | 10-12 || total
-------------------------+-------+-------+-------+-------++-------
Melee: Unarmed           |     8 |       |       |       ||     8
       Short sword       |     2 |     8 |     8 |    49 ||    67
 Cast: Shock             |    84 |   175 |    84 |    48 ||   391
       Airstrike         |       |       |   126 |   101 ||   227
Evoke: Wand              |       |       |     3 |    16 ||    19
  Use: Potion            |       |     5 |     1 |     2 ||     8
       Scroll            |       |       |    11 |     5 ||    16
Armor: Robe              |     5 |    12 |    12 |    74 ||   103
Dodge: Dodged            |    19 |    42 |    59 |   120 ||   240
Block: Buckler           |       |       |       |    27 ||    27

Table legend: (Time is in decaauts)
 A = Elapsed time spent in this place.
 B = Non-inter-level travel time spent in this place.
 C = Inter-level travel time spent in this place.
 D = Time resting spent in this place.
 E = Time spent auto-exploring this place.
 F = Levels seen in this place.
 G = Mean time per level.
                   A        B        C        D        E       F      G
               +--------+--------+--------+--------+--------+-----+--------+
         Total |  16240 |  15860 |    380 |   1708 |  12345 |  11 | 1476.4 |
       Dungeon |  16240 |  15860 |    380 |   1708 |  12345 |  11 | 1476.4 |
               +--------+--------+--------+--------+--------+-----+--------+

Top non-repeatable levels by time:
     D:3: 2151 daAuts
     D:9: 2105 daAuts
    D:10: 1961 daAuts
     D:4: 1665 daAuts
     D:8: 1484 daAuts
     D:2: 1420 daAuts
     D:7: 1372 daAuts
     D:1: 1317 daAuts
     D:5: 1272 daAuts
     D:6: 1261 daAuts
    D:11: 227 daAuts
